AoeStats
← Jadwigga

Lombardia

510265136Analyzed
4v4 RM · 2d ago on Sep 30, 2026· 34m 22s· 8 players
Game mode
Random Map
Map size
Large (8 player)
Population
200
Speed
Normal
Resources
Standard
Victory
Conquest
Starting age
Dark Age
Ending age
Imperial Age
RankedLock teamsTeams togetherTeam positionsShared explorationLock speedFull tech treeHidden civsTurbo modeCheats
Victory
Defeat
🇮🇳 Mongols · India
1181
+15
🇫🇷 Romans · France
1153
+16
🇨🇳 Saracens · China
1127
+17
🇨🇳 Persians · China
1094
+18
🇷🇴 Varangians · Romania
1254
-22
🇨🇱 Tatars · Chile
1130
-16
🇲🇽 Gurjaras · Mexico
1100
-14
🇲🇽 Koreans · Mexico
1099
-14
ILLYRIAN A1B
2:38 Loom
11:51 Feudal Age
13:46 Horse Collar
13:54 Double-Bit Axe
21:37 Castle Age
19:56 Gold Mining
19:59 Stone Mining
23:22 Bow Saw
23:14 Heavy Plow
25:55 Ballistas
27:58 Forging
27:54 Scale Barding Armor
29:40 Ballistics
30:15 Chain Barding Armor
vper1490
7:23 Loom
10:01 Feudal Age
10:37 Double-Bit Axe
10:39 Horse Collar
17:42 Wheelbarrow
20:47 Castle Age
19:44 Bloodlines
20:10 Scale Barding Armor
20:17 Forging
21:25 Gold Mining
22:15 Bow Saw
22:54 Husbandry
26:57 Chain Barding Armor
ravish.ratnam
8:58 Feudal Age
11:20 Bloodlines
14:16 Scale Barding Armor
16:20 Double-Bit Axe
18:56 Forging
21:52 Wheelbarrow
25:26 Castle Age
24:23 Fletching
24:33 Padded Archer Armor
24:55 Gold Mining
25:03 Horse Collar
26:39 Bodkin Arrow
28:29 Ballistics
29:59 Husbandry
32:24 Herbal Medicine
32:51 Leather Archer Armor
CNZS_carlar
7:52 Loom
10:55 Feudal Age
15:14 Castle Age
17:19 Horse Collar
21:07 Wheelbarrow
20:44 Double-Bit Axe
25:10 Fletching
29:02 Hand Cart
LG_Parzival
12:08 Feudal Age
14:07 Loom
17:44 Double-Bit Axe
20:11 Castle Age
18:24 Forging
18:34 Gold Mining
20:43 Wheelbarrow
21:13 Squires
21:41 Pikeman
LG_Mr.Konnik
4:52 Loom
9:41 Feudal Age
16:52 Castle Age
15:01 Double-Bit Axe
22:48 Horse Collar
29:00 Town Watch
30:18 Sanctity
30:11 Redemption
Junioronga
6:26 Loom
9:04 Feudal Age
9:48 Double-Bit Axe
18:49 Castle Age
18:26 Horse Collar
18:37 Fletching
19:32 Bloodlines
19:51 Bow Saw
20:41 Heavy Plow
23:42 Wheelbarrow
23:49 Town Watch
25:31 Husbandry
25:28 Bodkin Arrow
26:51 Padded Archer Armor
27:46 Ballistics
30:30 Hand Cart
34:58 Imperial Age
Jadwigga
5:08 Loom
11:26 Feudal Age
15:14 Castle Age
14:03 Double-Bit Axe
14:26 Horse Collar
23:54 Town Watch
24:45 Bloodlines
26:48 Husbandry
27:21 Scale Barding Armor
28:47 Bow Saw
28:41 Heavy Plow
30:11 Wheelbarrow
29:56 Forging
Connection lost

Rejoining the realm…

Still unreachable

The connection could not be restored.

Session expired

The server has moved on; the page needs a fresh start.